AoeStats
← Stuffy

Arena

507861695Analyzed
1v1 RM · 12d ago on Sep 20, 2026· 44m 32s· 2 players
Game mode
Random Map
Map size
Tiny (2 player)
Population
200
Speed
Normal
Resources
Standard
Victory
Conquest
Starting age
Dark Age
Ending age
Imperial Age
RankedLock teamsTeams togetherTeam positionsShared explorationLock speedFull tech treeHidden civsTurbo modeCheats
Victory
Defeat
🇨🇦 Khmer · Canada
778
+16
🇺🇸 Spanish · United States
787
-34
pewpew
11:27 Feudal Age
11:40 Feudal Age
14:56 Castle Age
13:28 Double-Bit Axe
15:05 Horse Collar
15:25 Loom
16:25 Forging
17:07 Town Watch
20:57 Iron Casting
20:48 Bloodlines
24:28 Fletching
24:44 Scale Barding Armor
26:20 Bow Saw
26:19 Bodkin Arrow
26:46 Chain Barding Armor
26:45 Town Patrol
27:03 Light Cavalry
34:04 Imperial Age
35:05 Bracer
41:52 Hussar
43:17 Conscription
45:24 Blast Furnace
Stuffy
5:11 Loom
10:32 Feudal Age
9:17 Loom
10:53 Horse Collar
15:09 Gold Mining
15:13 Double-Bit Axe
19:47 Castle Age
18:39 Man-at-Arms
20:55 Long Swordsman
21:23 Arson
21:41 Squires
26:47 Wheelbarrow
26:41 Pikeman
29:09 Fervor
30:06 Bow Saw
31:35 Hand Cart
32:06 Gold Mining
34:18 Forging
39:00 Imperial Age
39:19 Ballistics
39:06 Siphons
39:04 Halberdier
40:50 Elite Conquistador
42:06 Stone Mining
43:07 Conscription
43:26 Arrowslits
Connection lost

Rejoining the realm…

Still unreachable

The connection could not be restored.

Session expired

The server has moved on; the page needs a fresh start.